 Dungeon Crawl Stone Soup version 0.31-a0-640-g39d97e502b (webtiles) character file.

Game seed: 13174549778186156519

58 qw the Shooter (level 4, 0/28 HPs)
             Began as a Gargoyle Hunter on Aug 27, 2023.
             Slain by Terence
             ... wielding a +0 mace
              (7 damage)
             ... on level 2 of the Dungeon.
             The game lasted 00:00:32 (791 turns).

qw the Shooter (Gargoyle Hunter)                     Turns: 791, Time: 00:00:33

Health: 0/28       AC:  6    Str: 15    XL:     4   Next: 2%
Magic:  4/4        EV: 11    Int:  9    God:
Gold:   91         SH:  0    Dex: 15    Spells: 3/3 levels left

rFire   . . .        Y - +0 shortbow
rCold   . . .        (shield currently unavailable)
rNeg    + . .        c - +0 leather armour
rPois   inf          (no helmet)
rElec   +            f - scarf {repulsion}
rCorr   .            (no gloves)
SInv    .            (no boots)
Will    .....        (no amulet)
Stlth   ++           (no ring)
HPRegen 0.24/turn    (no ring)
MPRegen 0.09/turn

%: repel missiles
@: no status effects
A: sickness immunity, AC +3, negative energy resistance 1, electricity
resistance, torment resistance 1, petrification resistance
a: no special abilities


You were on level 2 of the Dungeon.
You visited 1 branch of the dungeon, and saw 2 of its levels.

You collected 91 gold pieces.


Innate Abilities, Weirdness & Mutations

You are immune to sickness and miasma.
Your stone body is resilient. (AC +3)
You are immune to poison.
You resist negative energy. (rN+)
You are resistant to electric shocks. (rElec)
You are resistant to unholy torment.
You are immune to petrification.


   Skills:
 - Level 3.0 Fighting
 + Level 5.1 Ranged Weapons
 - Level 1.5 Dodging
 - Level 1.1 Stealth


You had 3 spell levels left.
You didn't know any spells.
Your spell library was empty.

Inventory:

Hand Weapons
 Y - a +0 shortbow (weapon)
Armour
 c - a +0 leather armour (worn)
 f - a scarf of repulsion (worn)
Potions
 a - a potion of mutation {unknown}
 e - a potion of lignification {unknown}
 g - a potion of brilliance {unknown}

Dungeon Overview and Level Annotations

Branches:
Dungeon (2/15)

Altars:
Yredelemnul

Annotations:
D:2 Terence


Message History

You shoot an arrow. The arrow hits the kobold!
You kill the kobold!
You shoot an arrow. The arrow hits the hobgoblin.
You kill the hobgoblin!
You have reached level 4!
You feel stronger.
You shoot an arrow. The arrow misses the kobold.
You shoot an arrow. The arrow closely misses the kobold.
You shoot an arrow. The arrow hits the kobold.
You kill the kobold!
Found a stone staircase leading up.
Enter note:
Enter note:
There is a stone staircase leading up here.
Terence the Incautious comes into view.
He is wielding a +0 mace.
Found 3 stones.
Found a stone staircase leading down.
You shoot an arrow.
The arrow hits Terence but does no damage.
Terence shouts!
You shoot an arrow. The arrow barely misses Terence.
You shoot an arrow. The arrow hits Terence.
Terence is lightly wounded.
Terence hits you with a +0 mace.
You shoot an arrow. The arrow hits Terence.
Terence is moderately wounded.
Terence hits you with a +0 mace.
You shoot an arrow.
The arrow hits Terence but does no damage.
Terence is moderately wounded.
Terence misses you.
You shoot an arrow. The arrow barely misses Terence.
Terence hits you with a +0 mace.
You shoot an arrow. The arrow hits Terence.
Terence is heavily wounded.
Terence misses you. Terence hits you with a +0 mace.
You shoot an arrow. The arrow hits Terence.
Terence is severely wounded.
Terence hits you with a +0 mace.
You shoot an arrow. The arrow barely misses Terence.
Terence hits you with a +0 mace!
You die...

(#### .... ...#
## ...# .. ...#
#. .#.#### #.
....#.# #.
.....#
######.#########
#...#.#
.......@....<..#
##.## .
..####@#######.#
...# .. #.. #.#
...##.#
#.########.#####
......#
#.#............#
...####
..).....#..###.#
...#
.(...#P..#.##
#.# .### .>.
#PP7.P)# #.# .#
#.PP7P..# #.#


You could see Terence.

Vanquished Creatures
  2 dart slugs (D:1)
  3 ball pythons (D:1)
  2 bats
  9 endoplasms
  4 giant cockroaches (D:1)
  6 goblins
  2 hobgoblins
  4 jackals (D:2)
  2 quokkas (D:1)
  A frilled lizard (D:1)
  6 kobolds
  3 rats
44 creatures vanquished.

Notes
Turn   | Place    | Note
-------+----------+-------------------------------------------
     0 | D:1      | qw the Gargoyle Hunter began the quest for the Orb.
     0 | D:1      | Reached XP level 1. HP: 12/12 MP: 1/1
     0 | D:1      | 0 ||| qw: Version: 0.3-a-74-g0d5e918
     0 | D:1      | 0 ||| qw: Game counter: 35
     0 | D:1      | 0 ||| qw: Melee chars always use a shield: true
     0 | D:1      | 0 ||| qw: God list: Okawaru
     0 | D:1      | 0 ||| qw: Allow faded altars: false
     0 | D:1      | 0 ||| qw: Do Orc after clearing Dungeon:15 true
     0 | D:1      | 0 ||| qw: Do second Lair branch before Depths: true
     0 | D:1      | 0 ||| qw: Lair rune preference: random
     0 | D:1      | 0 ||| qw: Goals: Normal
     0 | D:1      | 0 ||| PLANNING D:1-11
    48 | D:1      | 48 ||| Stepping ~*~*~tactically~*~*~ (retreating).
    49 | D:1      | 49 ||| Stepping ~*~*~tactically~*~*~ (retreating).
    50 | D:1      | 50 ||| Stepping ~*~*~tactically~*~*~ (retreating).
    51 | D:1      | 51 ||| Stepping ~*~*~tactically~*~*~ (retreating).
    52 | D:1      | 52 ||| Stepping ~*~*~tactically~*~*~ (retreating).
    53 | D:1      | 53 ||| Stepping ~*~*~tactically~*~*~ (retreating).
    54 | D:1      | 54 ||| Stepping ~*~*~tactically~*~*~ (retreating).
    60 | D:1      | Reached XP level 2. HP: 14/17 MP: 2/2
   220 | D:1      | Reached XP level 3. HP: 21/21 MP: 3/3
   268 | D:1      | Reached skill level 5 in Ranged Weapons
   469 | D:1      | 469 ||| UPGRADING to scarf of repulsion.
   474 | D:1      | 474 ||| READING scroll labelled YDEIWE LIZXI.
   478 | D:1      | 478 ||| DROPPING scroll of butterflies.
   621 | D:2      | Reached skill level 3 in Fighting
   696 | D:2      | Found a basalt altar of Yredelemnul.
   768 | D:2      | Reached XP level 4. HP: 28/28 MP: 4/4
   782 | D:2      | Noticed Terence
   790 | D:2      | HP: 7/28 [Terence/+0 mace (5)]
   791 | D:2      | Slain by Terence

Levels and vault maps discovered:
D:1:      orjb1_lava_funnel, layout_rooms
D:2:      layout_loops_ring, basic_altar, serial_forest,
          infiniplex_forest_fountain, infiniplex_forest_clump_cross,
          infiniplex_forest_end_3, infiniplex_forest_end_2, uniq_terence

Skill      XL: |  1  2  3 |
---------------+----------+-----
Ranged Weapons | 5 |  5.1
Fighting       | 3 |  3.0
Dodging        | |  1.5
Stealth        | |  1.1

Action                     |  1- 3 |  4- 6 || total
---------------------------+-------+-------++-------
   Fire: Shortbow          |   136 |    12 ||   148
    Use: Scroll            |     1 |       ||     1
 Armour: Leather armour    |    17 |       ||    17
  Dodge: Dodged            |    44 |     2 ||    46

Table legend:
 A = Non-vault XP
 B = Vault XP
 C = Vault XP percentage of total XP
 D = Non-vault monster count
 E = Vault monster count
 F = Vault count percentage of total count
                 A         B        C        D         E       F
            +---------+---------+-------+---------+---------+-------
      Total |      84 |       0 |   0.0 |      44 |       0 |   0.0
            +---------+---------+-------+---------+---------+-------
        D:1 |      53 |       0 |   0.0 |      27 |       0 |   0.0
        D:2 |      31 |       0 |   0.0 |      17 |       0 |   0.0
            +---------+---------+-------+---------+---------+-------
